 Dungeon Crawl Stone Soup version 0.31.0-11-ge490571c62 (webtiles) character file.

Game seed: 468496646706411371

107 Eitelfritz the Covered (level 4, -1/29 HPs)
             Began as a Gargoyle Fighter on Feb 10, 2024.
             Slain by a crimson imp
             ... wielding a +2 dagger of chaos
              (7 damage)
             ... on level 3 of the Dungeon.
             The game lasted 00:03:49 (2677 turns).

Eitelfritz the Covered (Gargoyle Fighter)           Turns: 2677, Time: 00:03:50

Health: -1/29      AC: 14    Str: 19    XL:     4   Next: 85%
Magic:  4/4        EV:  7    Int:  9    God:
Gold:   171        SH:  4    Dex: 11    Spells: 3/3 levels left

rFire   . . .        a - +0 flail
rCold   . . .        c - +0 buckler
rNeg    + . .        o - +0 chain mail
rPois   ∞            g - +0 helmet
rElec   +            (no cloak)
rCorr   .            (no gloves)
SInv    .            (no boots)
Will    .....        (no amulet) Stlth
                     (no ring)
HPRegen 0.24/turn    (no ring)
MPRegen 0.09/turn

%: no passive effects
@: mighty
A: sickness immunity, AC +3, negative energy resistance 1, electricity
resistance, torment resistance 1, petrification resistance
a: no special abilities


You were on level 3 of the Dungeon.
You visited 1 branch of the dungeon, and saw 3 of its levels.

You collected 171 gold pieces.

Inventory:

Hand Weapons
 a - a +0 flail (weapon)
Missiles
 v - 4 silver javelins (quivered)
Armour
 b - a +0 plate armour
 c - a +0 buckler (worn)
 g - a +0 helmet (worn)
 o - a +0 chain mail (worn)
Wands
 l - a wand of digging (3)
Scrolls
 f - 2 scrolls of summoning {unknown}
 h - a scroll of fear {unknown}
 i - 3 scrolls of vulnerability {unknown}
 n - 2 scrolls of identify {unknown}
 q - 2 scrolls of teleportation {unknown}
 t - a scroll of immolation {unknown}
 u - a scroll of revelation {unknown}
Potions
 d - a potion of might
 e - a potion of degeneration {unknown}
 j - 2 potions of haste {unknown}
 k - a potion of attraction {unknown}
 m - 2 potions of berserk rage {unknown}
 p - 2 potions of curing {unknown}
 r - 2 potions of heal wounds {unknown}
 s - a potion of resistance {unknown}
 w - a potion of brilliance {unknown}


   Skills:
 + Level 3.9 Fighting
 + Level 3.1 Maces & Flails
 + Level 4.1 Armour
 + Level 0.6 Dodging
 + Level 0.3 Stealth
 + Level 3.8 Shields


You had 3 spell levels left.
You didn't know any spells.
Your spell library contained the following spells:

 Spells                   Type           Power      Damage    Failure   Level
 Necrotise                Necr           0%         1d4       99%         1
 Ensorcelled Hibernation  Hex/Ice        0%         N/A       99%         2
 Scorch                   Fire           0%         2d5       99%         2
 Passwall                 Erth           0%         N/A       100%        3
 Swiftness                Air            0%         N/A       100%        3
 Vampiric Draining        Necr           0%         2d6       100%        3
 Flame Wave               Conj/Fire      0%         2d4       100%        4
 Martyr's Knell           Necr/Summ      0%         N/A       100%        4
 Curse of Agony           Necr           0%         N/A       100%        5
 Summon Cactus Giant      Summ           0%         N/A       100%        6


Dungeon Overview and Level Annotations

Branches:
Dungeon (3/15)

Altars:
Makhleb
Xom


Innate Abilities, Weirdness & Mutations

You are immune to sickness and miasma.
Your stone body is resilient. (AC +3)
You are immune to poison.
You resist negative energy. (rN+)
You are resistant to electric shocks. (rElec)
You are resistant to unholy torment.
You are immune to petrification.


Message History

The crimson imp closely misses you. You block the crimson imp's attack.
You closely miss the crimson imp.
The crimson imp is lightly wounded.
The crimson imp hits you but does no damage.
You closely miss the crimson imp.
The crimson imp hits you but does no damage.
You closely miss the crimson imp.
The crimson imp hits you but does no damage.
You sock the crimson imp!
The crimson imp is severely wounded.
The crimson imp barely misses you.
The crimson imp hits you but does no damage.
You hit the crimson imp.
The crimson imp is severely wounded.
The crimson imp hits you but does no damage.
You are confused.
You miss the crimson imp.
The crimson imp is severely wounded.
The crimson imp hits you but does no damage.
Unknown command.
You hit the crimson imp.
The crimson imp is severely wounded.
The crimson imp hits you with a +2 dagger of chaos.
* * * LOW HITPOINT WARNING * * *
The crimson imp freezes you.
* * * LOW HITPOINT WARNING * * *
You bump into the rock wall.
The crimson imp hits you but does no damage.
You closely miss the crimson imp.
The crimson imp is severely wounded.
The crimson imp closely misses you.
The crimson imp laughs crazily.
The crimson imp blinks!
You feel less confused.
The crimson imp hits you but does no damage.
You feel very mighty all of a sudden.
You sock the crimson imp!
The crimson imp is almost dead.
The crimson imp hits you with a +2 dagger of chaos!
You die...

...##..# ###########.# ###.###
#.....[## ##.######.....#
#.......# ##......##.#.#.#
.####.#.# #######.###.#.##.#.<..
..###.#.# ##....÷..# #..........#
......#.###..#####.###.#.##.....#
..###.#.##...## ##...##.#.......
....#.#.#.....##########.#.###.##
................@5.......#.# #.#
###.#####........#########.# #.##
..#..# ##...##.## #.# #... ..'..#
##.###.# #.# ###. ..#..# ### #.#
#.# #. ###..# #.# #.#####. .##..#
#.# #....... .##..# #.# #######.
.##..# #.# #.


You could see a crimson imp.

Vanquished Creatures
  An orc priest (D:3)
  2 adders
  A ribbon worm (D:2)
  3 orcs (D:3)
  2 ball pythons (D:2)
  3 bats
  7 endoplasms
  3 giant cockroaches
  6 goblins
  A hobgoblin (D:1)
  3 jackals (D:1)
  2 quokkas (D:1)
  12 frilled lizards (D:1)
  6 kobolds
  2 rats (D:2)
54 creatures vanquished.

Notes
Turn   | Place    | Note
-------+----------+-------------------------------------------
     0 | D:1      | Eitelfritz the Gargoyle Fighter began the quest for the
                  | Orb.
     0 | D:1      | Reached XP level 1. HP: 14/14 MP: 1/1
   230 | D:1      | Reached XP level 2. HP: 19/19 MP: 2/2
  1006 | D:1      | Reached XP level 3. HP: 21/24 MP: 3/3
  1947 | D:3      | Reached skill level 4 in Armour
  1947 | D:3      | Reached XP level 4. HP: 27/29 MP: 4/4
  2627 | D:3      | Found a burning altar of Makhleb.
  2627 | D:3      | Found a shimmering altar of Xom.
  2677 | D:3      | Slain by a crimson imp

Illustrated notes

Levels and vault maps discovered:
D:1:      lemuel_arrival_muddy, layout_basic, minmay_lizard_king
D:2:      layout_basic
D:3:      layout_loops_ring, grunt_temple_overflow_champion_of_chaos

Skill      XL: |  1  2  3  4 |
---------------+-------------+-----
Armour         | 4 |  4.1
Maces & Flails | 3 |  3.1
Fighting       | |  3.9
Dodging        | |  0.6
Stealth        | |  0.3
Shields        | |  3.8

Action                     |  1- 3 |  4- 6 || total
---------------------------+-------+-------++-------
  Melee: Flail             |   150 |    47 ||   197
 Armour: Scale mail        |   120 |    14 ||   134
         Chain mail        |       |    24 ||    24
  Dodge: Dodged            |    92 |    11 ||   103
  Block: Buckler           |    40 |     4 ||    44
